 Dungeon Crawl Stone Soup version 0.30-a0-330-g8f2769a82d (webtiles) character file.

Game seed: 1473009170745737036

109 Engwar the Insei (level 4, -3/28 HPs)
             Began as an Octopode Transmuter on Oct 29, 2022.
             Slain by a gnoll
             ... wielding a +0 halberd
             ... led by a gnoll bouda
              (9 damage)
             ... on level 4 of the Dungeon.
             The game lasted 00:08:04 (2933 turns).

Engwar the Insei (Octopode Transmuter)              Turns: 2933, Time: 00:08:04

Health: -3/28      AC:  1    Str:  9    XL:     4   Next: 90%
Magic:  7/7        EV:  7    Int: 17    God:
Gold:   87         SH:  0    Dex: 12    Spells: 1/7 levels left

rFire   . . .      SeeInvis .      - Unarmed
rCold   . . .      Faith    .    (no shield)
rNeg    . . .      Spirit   .    (helmet currently unavailable)
rPois   .          Reflect  .    (no amulet)
rElec   .          Harm     .    (no ring)
rCorr   .          Rampage  .    (no ring)
Will    .....                    (no ring)
Stlth   +++.......               (no ring)
HPRegen 0.24/turn                (no ring)
MPRegen 0.10/turn                (no ring)
                                 (no ring)
                                 (no ring)

@: appendages (expiring), held
A: tentacle spike 3, almost no armour, amphibious, 8 rings, camouflage 1,
gelatinous body 1, (nimble swimmer 1), tentacles
a: End Transformation


You were on level 4 of the Dungeon.
One of your tentacles had grown a beastly spike.
You visited 1 branch of the dungeon, and saw 4 of its levels.

You collected 87 gold pieces.

Inventory:

Missiles
 b - 6 poisoned darts
Jewellery
 e - an amulet of magic regeneration
Wands
 m - a wand of mindburst (14)
Scrolls
 f - a scroll of teleportation {unknown}
 g - 2 scrolls of blinking
 j - a scroll of identify
 k - a scroll of enchant weapon {unknown}
 l - a scroll of fog {unknown}
Potions
 a - a potion of lignification
 c - a potion of ambrosia
 d - 4 potions of curing
 h - 2 potions of haste
 i - a potion of might {unknown}


   Skills:
 - Level 1.0 Fighting
 - Level 2.0 Dodging
 - Level 3.0 Stealth
 + Level 3.8 Unarmed Combat
 - Level 2.0 Spellcasting
 + Level 3.1 Transmutations
 + Level 1.8 Poison Magic


You had one spell level left.
You knew the following spells:

 Your Spells              Type           Power      Damage    Failure   Level
a - Beastly Appendage     Tmut           24%        N/A       5%          1
b - Wereblood             Tmut           12%        N/A       9%          2
c - Spider Form           Tmut/Pois      10%        N/A       22%         3

Your spell library contained the following spells:

 Spells                   Type           Power      Damage    Failure   Level
 Ice Form                 Ice/Tmut       6%         N/A       71%         4
 Summon Forest            Summ/Tloc      0%         N/A       99%         5
 Eringya's Noxious Bog    Tmut/Pois      5%         N/A       100%        6
 Summon Hydra             Summ           0%         N/A       100%        7


Dungeon Overview and Level Annotations

Branches:
Dungeon (4/15)
 Temple: D:4-7

Altars:
Dithmenos
Hepliaklqana
Kikubaaqudgha
Nemelex Xobeh
Trog
Uskayaw

Shops:
D:1 =

Annotations:
D:2 1 exclusion, Robin


Innate Abilities, Weirdness & Mutations

One of your tentacles has grown a beastly spike.
You cannot wear most types of armour.
You are amphibious.
You can wear up to eight rings at the same time.
Your skin changes colour to match your surroundings (Stealth+).
Your rubbery body absorbs attacks. (AC +1, EV +1)
((You are camouflaged when in or above water. (Stealth+)))
You have tentacles for arms and can constrict up to eight enemies at once.


Message History

3 gnolls come into view.
Found a stone staircase leading up.
Casting: Beastly Appendage (safe; 5% risk of failure)
Confirm with . or Enter, or press ? or * to list all spells.
One of your tentacles grows a vicious spike.
A gnoll bouda comes into view. It is wielding a +0 club.
The gnoll bouda shouts!
The gnoll shouts!
The gnoll bouda gazes fiercely through you!
You feel your attacks grow feeble.
The gnoll shouts!
You tentacle-slap the gnoll bouda but do no damage.
You grab the gnoll bouda.
You pierce the gnoll bouda.
You squeeze the gnoll bouda.
The gnoll bouda is moderately wounded.
You constrict the gnoll bouda. The gnoll closely misses you.
You tentacle-slap the gnoll bouda.
The gnoll bouda is heavily wounded.
You constrict the gnoll bouda, but do no damage.
The gnoll hits you from afar with a +0 halberd!
The gnoll bouda barks out a call to the hunt!
The gnolls pick up the pace!
You tentacle-slap the gnoll bouda.
The gnoll bouda is severely wounded.
You constrict the gnoll bouda, but do no damage.
The gnoll misses you. x2
The gnoll bouda utters an invocation to its god.
The gnoll bouda is healed somewhat.
You release your grip on the gnoll bouda.
The gnoll throws a throwing net.
The throwing net hits you.
You become entangled in the net!
You see here a throwing net.
You struggle against the net.
Your transformation is almost over.
Your attacks no longer feel as feeble.
The gnoll bouda barely misses you.
You struggle against the net.
The gnoll barely misses you.
The gnoll bouda hits you with a +0 club!
* * * LOW HITPOINT WARNING * * *
You struggle against the net.
The gnoll barely misses you.
The gnoll hits you from afar with a +0 halberd!
You die...

.. ... ### #.#
##..##.#######
#............<
#......[......
#.............
#..gggg.......
##..##@#########
##+##.######..###
#.......'.†..<..#
#.......#.......#
#.......#.......#
#.......#.......#
######..##...####
##+##...# #....#


You could see a gnoll bouda and 3 gnolls.

Vanquished Creatures
  Ijyb (D:3)
  A gnoll (D:3)
  2 adders
  A dart slug (D:1)
  A worm (D:3)
  An orc (D:3)
  4 ball pythons
  A bat (D:1)
  An endoplasm (D:3)
  3 giant cockroaches (D:3)
  4 hobgoblins
  7 jackals (D:2)
  6 kobolds
  2 quokkas
  2 frilled lizards
  8 goblins
  2 rats (D:2)
47 creatures vanquished.

Notes
Turn   | Place    | Note
-------+----------+-------------------------------------------
     0 | D:1      | Engwar the Octopode Transmuter began the quest for the Orb.
     0 | D:1      | Reached XP level 1. HP: 13/13 MP: 3/3
   162 | D:1      | Reached skill level 1 in Stealth
   190 | D:1      | Reached XP level 2. HP: 18/18 MP: 5/5
   193 | D:1      | Learned a level 2 spell: Wereblood
   754 | D:1      | Found Dimaff's Jewellery Emporium.
  1377 | D:2      | Reached XP level 3. HP: 23/23 MP: 6/6
  1381 | D:2      | Learned a level 3 spell: Spider Form
  1440 | D:2      | Noticed Robin
  1980 | D:3      | Found an ancient bone altar of Kikubaaqudgha.
  2060 | D:3      | Found a sparkling altar of Nemelex Xobeh.
  2075 | D:3      | Found a hazy altar of Hepliaklqana.
  2079 | D:3      | Found a shadowy altar of Dithmenos.
  2079 | D:3      | Noticed a shadow
  2208 | D:3      | Reached skill level 1 in Poison Magic
  2305 | D:3      | Found a bloodstained altar of Trog.
  2313 | D:3      | Reached XP level 4. HP: 28/28 MP: 5/7
  2482 | D:3      | Found a hide-covered altar of Uskayaw.
  2557 | D:3      | Noticed Ijyb
  2577 | D:3      | Killed Ijyb
  2933 | D:4      | Slain by a gnoll

Illustrated notes

Levels and vault maps discovered:
D:1:      mushboom_english_gardens, layout_basic, serial_shops, shop
D:2:      layout_basic, dreamdust_princess_corridor, uniq_robin
D:3:      layout_rooms, nemelex_spade_bored_becter,
          mainiacjoe_overflow_surrounded_room, mainiacjoe_overflow_catwalk,
          riverfiend_overflow_shadow_ancestor, trog_antimagical,
          serial_corexii_hall, corexii_hall_statues_x, corexii_hall_statues_l,
          chequers_hall_statues_y, corexii_hall_statues_i, uniq_ijyb
D:4:      layout_gridville

Skill      XL: |  1  2  3  4 |
---------------+-------------+-----
Stealth        | 1 2 3 |  3.0
Poison Magic   | 1 |  1.8
Transmutations | 3 |  3.1
Fighting       | |  1.0
Dodging        | |  2.0
Unarmed Combat | |  3.8
Spellcasting   | |  2.0

Action                   |  1- 3 |  4- 6 || total
-------------------------+-------+-------++-------
Melee: Unarmed           |    80 |    33 ||   113
       Constrict         |    20 |     7 ||    27
       Tentacles         |    13 |    11 ||    24
       Kick              |    10 |     9 ||    19
       Punch             |     2 |     3 ||     5
 Cast: Beastly Appendage |    12 |     4 ||    16
       Wereblood         |     4 |       ||     4
  Use: Scroll            |     8 |       ||     8
       Potion            |       |     1 ||     1
 Stab: Sleeping          |     6 |     1 ||     7
Armor: Skin              |    10 |       ||    10
Dodge: Dodged            |    45 |    26 ||    71

Table legend: (Time is in decaauts)
 A = Elapsed time spent in this place.
 B = Non-inter-level travel time spent in this place.
 C = Inter-level travel time spent in this place.
 D = Time resting spent in this place.
 E = Time spent auto-exploring this place.
 F = Levels seen in this place.
 G = Mean time per level.
                   A        B        C        D        E       F      G
               +--------+--------+--------+--------+--------+-----+--------+
         Total |   2925 |   2867 |     58 |    475 |   1864 |   4 |  731.2 |
       Dungeon |   2925 |   2867 |     58 |    475 |   1864 |   4 |  731.2 |
               +--------+--------+--------+--------+--------+-----+--------+

Top non-repeatable levels by time:
     D:1: 984 daAuts
     D:2: 952 daAuts
     D:3: 893 daAuts
     D:4: 96 daAuts
